Description

Test Build. Do not use.

Build Order

Get SALT Encoding   

  12  0:02  Drone  
  13  0:20  Spawning Pool  
  12  0:25  Drone  
  13  0:29  Drone  
  14  0:38  Overlord  
  14  0:40  Extractor  
  13  0:44  Drone  
  14  0:56  Drone  
  15  1:01  Drone Move Three Drones To Gas  
  15  1:07  Queen  
  17  1:08  Overlord  
  17  1:21  Roach Warren  
  16  1:44  Queen Spawn Larvae  
  16  2:01  Roach x7  
Spawning Tool Build Advisor. Get it on Overwolf

Analysis

Figuring out how this dang tool works.

Go to:

Details

  • Created by: Timbertoes
  • Published on: Jan 01, 2020
  • Modified on: Jan 04, 2020
  • Patch: 4.11.0
Show
View Real Time Build Order
Export as new Build Order

Comments (0)

There are no comments. Be the first!

Create an account to comment!